 Dungeon Crawl Stone Soup version 0.24-a0-264-gf46a388 (webtiles) character file.

Game seed: 8382061758623731955

20696 MatthieuS the Thaumaturge (level 12, -3/71 HPs)
             Began as a Deep Elf Fire Elementalist on Apr 20, 2019.
             Was a High Priest of Vehumet.
             Slain by a wolf (10 damage)
             ... on level 5 of the Lair of Beasts.
             The game lasted 00:36:42 (13509 turns).

MatthieuS the Thaumaturge (DEFE)                   Turns: 13509, Time: 00:36:43

Health: -3/71      AC:  8    Str:  5    XL:     12   Next: 47%
Magic:  37/44      EV: 15    Int: 29    God:    Vehumet [*****.]
Gold:   401        SH:  0    Dex: 13    Spells: 5/34 levels left

rFire    + + .     SeeInvis .   C - staff of power {!a}
rCold    x . .     Gourm    .   (no shield)
rNeg     . . .     Faith    .   f - +1 robe
rPois    .         Spirit   .   M - +2 hat {MR+}
rElec    .         Reflect  .   s - +2 cloak
rCorr    .         Harm     .   (no gloves)
MR       ++...                  (no boots)
Stlth    +++++.....             x - amulet of magic regeneration
HPRegen  0.21/turn              A - ring of fire
MPRegen  0.54/turn              w - +3 ring of intelligence

@: no status effects
A: clumsy 1, fire resistance 1
a: Renounce Religion


You were on level 5 of the Lair of Beasts.
You worshipped Vehumet.
Vehumet was extremely pleased with you.
You were not hungry.

You visited 3 branches of the dungeon, and saw 16 of its levels.
You also visited: Sewer.

You collected 791 gold pieces.
You spent 390 gold pieces at shops.

Inventory:

Hand Weapons
 a - a +3 rapier of electrocution
   (You found it on level 2 of the Dungeon)
Armour
 b - a +2 shield
   (You found it on level 2 of the Dungeon)
 f - a +1 robe (worn)
 q - a scarf of cloud immunity
   (You found it in a sewer)
 s - a +2 cloak (worn)
   (You found it on level 4 of the Dungeon)
 M - a +2 hat of magic resistance (worn)
   (You took it off Gastronok on level 1 of the Lair of Beasts)
Magical Staves
 C - an uncursed staff of power (weapon) {!a}
   (You found it on level 4 of the Dungeon)
 H - an uncursed staff of earth
   (You found it on level 10 of the Dungeon)
Jewellery
 j - an uncursed ring of wizardry
   (You found it on level 4 of the Dungeon)
 w - a +3 ring of intelligence (right hand)
   (You found it on level 5 of the Dungeon)
 x - an amulet of magic regeneration (around neck)
   (You found it on level 5 of the Dungeon)
 A - a ring of fire (left hand)
   (You found it on level 2 of the Dungeon)
Wands
 d - a wand of iceblast (8)
   (You found it on level 6 of the Dungeon)
 t - a wand of flame (46)
   (You found it on level 6 of the Dungeon)
 v - a wand of digging (6)
   (You found it on level 1 of the Lair of Beasts)
 F - a wand of clouds (5)
   (You bought it in a shop on level 7 of the Dungeon)
 K - a wand of enslavement (9)
   (You found it on level 1 of the Lair of Beasts)
Scrolls
 c - 2 scrolls of amnesia
 h - 3 scrolls of blinking
 i - 2 scrolls of remove curse {@r2}
 k - 3 scrolls of magic mapping
 z - 6 scrolls of teleportation {@r4}
 I - a scroll of enchant armour
 N - a scroll of fog
Potions
 g - a potion of magic
 l - a potion of curing {@q1}
 m - 3 potions of agility
 n - a potion of lignification {unknown}
 o - a potion of mutation {!q}
 p - 2 potions of degeneration {unknown}
 r - a potion of haste {@q3}
 G - a potion of flight {unknown}
 L - 2 potions of brilliance {unknown}
 O - a potion of might {unknown}
Comestibles
 e - 27 rations
 u - 4 chunks of flesh


   Skills:
 + Level 6.9 Fighting
 + Level 6.4 Dodging
 + Level 11.5 Stealth
 + Level 11.6 Spellcasting
 + Level 9.8 Conjurations
 - Level 5.1 Hexes
 + Level 10.2 Fire Magic
 + Level 5.1 Earth Magic


You had 5 spell levels left.
You knew the following spells:

 Your Spells              Type           Power        Failure   Level  Hunger
a - Flame Tongue          Conj/Fire      #####        1%          1    None
b - Throw Flame           Conj/Fire      ######       1%          2    None
c - Inner Flame           Hex/Fire       #######.     1%          3    None
d - Conjure Flame         Conj/Fire      #######.     1%          3    None
e - Dazzling Spray        Conj/Hex       ######       1%          3    None
f - Apportation           Tloc           ###...       3%          1    None
g - Iron Shot             Conj/Erth      ######....   6%          6    #####..
q - Sticky Flame          Conj/Fire      #######.     1%          4    None
x - Fireball              Conj/Fire      #######...   1%          5    ###....
z - Animate Skeleton      Necr           N/A          3%          1    None

Your spell library contained the following spells:

 Spells                   Type           Power        Failure   Level  Hunger
 Venom Bolt               Conj/Pois      #####.....   3%          5    ###....
 Confusing Touch          Hex            #####.       1%          1    None
 Summon Small Mammal      Summ           ###.         3%          1    None


Dungeon Overview and Level Annotations

Branches:
Dungeon (10/15)            Temple (1/1) D:4            Lair (6/6) D:9
  Snake (0/4) Lair:2
  Swamp: Lair:2-4    Shoals: Lair:2-4     Slime: Lair:5-6       Orc: D:9-12

Altars:
Cheibriados
Dithmenos
Gozag
Hepliaklqana
Kikubaaqudgha
Makhleb
Nemelex Xobeh
Qazlal
Ru
Sif Muna
Trog
Uskayaw
Vehumet
Xom
Yredelemnul
Zin
The Shining One

Shops:
D:7 }   D:8 [

Annotations:
D:4 1 runed translucent door, chequers's ghost, amateur DsCK


Innate Abilities, Weirdness & Mutations

You are clumsy. (Dex -2)
Your flesh is heat resistant. (rF+)


Message History

You start resting.
A wolf comes into view.
The wolf moves out of view.
You start resting.
The wolf is too close now for your liking.
You can't see any susceptible monsters within range! (Use Z to cast anyway.)
You can't see any susceptible monsters within range! (Use Z to cast anyway.)
You can't see any susceptible monsters within range! (Use Z to cast anyway.)
You can't see any susceptible monsters within range! (Use Z to cast anyway.)
You can't see any susceptible monsters within range! (Use Z to cast anyway.)
The wolf howls! x2; You hear a howl!
Aim: a wolf You feel a surge of power!
The puff of flame hits the wolf.
The wolf bites you. x2
Aim: a wolf You feel a surge of power!
The puff of flame hits the wolf.
The wolf misses you. The wolf closely misses you. The wolf bites you.
* * * LOW HITPOINT WARNING * * *
The wolf bites you.
* * * LOW HITPOINT WARNING * * *
The wolf bites you but does no damage.
There is a stone staircase leading down here.
The wolf bites you but does no damage. x2
The wolf completely misses you. The wolf bites you!
* * * LOW HITPOINT WARNING * * *
The wolf bites you.
* * * LOW HITPOINT WARNING * * *
Aim: a wolf (lightly wounded)
You feel a surge of power!
The sticky flame hits the wolf.
The wolf is covered in liquid flames!
The wolf burns!
The wolf bites you!
* * * LOW HITPOINT WARNING * * *
You feel better.
The wolf burns!
The wolf misses you. The wolf bites you!
* * * LOW HITPOINT WARNING * * *
You feel better.
The wolf burns!
The wolf completely misses you. The wolf closely misses you.
Aim: a wolf (almost dead, covered in liquid flames)
You feel a surge of power!
The puff of flame hits the wolf but does no damage.
The wolf burns!
You kill the wolf!
Vehumet accepts your kill.
You feel your power returning. The wolf closely misses you.
Aim: a wolf You feel a surge of power!
The sticky flame hits the wolf.
The wolf is covered in liquid flames!
The wolf burns!
The wolf bites you.
* * * LOW HITPOINT WARNING * * *
The wolf closely misses you.
Aim: a wolf (moderately wounded, covered in liquid flames)
You feel a surge of power!
The flame tongue hits the wolf.
The wolf burns!
The wolf bites you!
You die...

................
#.......8.......
#....$?.......#
#..8..>..8...#
###†........###
#.##...8.(.##
##..#......##
#..####..### ##
##.+#.@#÷..####.
##.....#h....#..## .
#.......8.>.8#...## ..
#......#.....#.(..##...
.##.....##.8.#..........
...........#..#..#...P...
###................#...
#..............P.......
#.##....P.P..#####.###..


You could see a wolf (burning).

Vanquished Creatures
  Gastronok (Lair:1)
  3 hydras
  Erolcha (D:10)
  Erica (D:8)
  2 black mambas (Lair:1)
  A gargoyle (D:10)
  A rime drake (Lair:5)
  3 spiny frogs
  3 komodo dragons
  A polar bear (Lair:3)
  Prince Ribbit (D:5)
  5 hippogriffs
  4 hogs (D:8)
  A wraith (D:6)
  15 yaks
  Sigmund (D:2)
  A human (D:8)
  Grum (D:10)
  A steam dragon (D:8)
  3 nagas (Lair:2)
  6 water moccasins
  3 porcupines (Lair:2)
  2 ice beasts
  4 orc warriors (D:8)
  6 sky beasts
  2 phantoms
  2 black bears
  6 ogres
  15 wolves
  5 centaurs
  2 crocodiles (Lair:2)
  A big kobold (D:10)
  9 bullfrogs
  4 scorpions
  5 killer bees (D:9)
  4 wights (D:9)
  2 jellies
  A bullfrog zombie (D:8)
  5 crimson imps
  2 quasits
  7 hounds
  17 orc wizards
  2 bullfrog skeletons
  A centaur skeleton (D:9)
  4 orc priests
  Jessica (D:2)
  2 iguanas
  3 worker ants
  A hound skeleton (D:7)
  A worker ant zombie (D:8)
  13 gnolls
  11 adders
  9 oozes
  2 adder skeletons (D:4)
  4 worms
  3 dart slugs
  19 leopard geckos
  41 orcs
  11 ball pythons
  10 bats
  13 giant cockroaches
  8 goblins
  8 hobgoblins
  20 jackals
  4 quokkas
  17 frilled lizards
  2 jackal skeletons (D:5)
  7 kobolds
  A quokka zombie (D:8)
  10 rats
  2 plants (Lair:2)
390 creatures vanquished.

Vanquished Creatures (others)
  An orc wizard (D:7)
  3 plants
  2 withered plants (D:4)
6 creatures vanquished.

Grand Total: 396 creatures vanquished

Notes
Turn   | Place    | Note
-------+----------+-------------------------------------------
     0 | D:1      | MatthieuS the Deep Elf Fire Elementalist began the quest
                  | for the Orb.
     0 | D:1      | Reached XP level 1. HP: 10/10 MP: 6/6
   241 | D:1      | Reached XP level 2. HP: 12/15 MP: 1/8
   840 | D:1      | Reached XP level 3. HP: 19/19 MP: 5/10
  1015 | D:2      | Learned a level 2 spell: Throw Flame
  1019 | D:2      | Learned a level 3 spell: Conjure Flame
  1023 | D:2      | Learned a level 3 spell: Inner Flame
  1075 | D:2      | Noticed Jessica
  1081 | D:2      | Killed Jessica
  1126 | D:2      | Reached skill level 1 in Hexes
  1126 | D:2      | Reached XP level 4. HP: 24/24 MP: 4/11
  1656 | D:2      | Noticed Sigmund
  1880 | D:2      | Killed Sigmund
  1880 | D:2      | Reached XP level 5. HP: 12/28 MP: 3/13
  2726 | D:3      | Reached XP level 6. HP: 28/32 MP: 10/14
  2734 | D:3      | Found a shadowy altar of Dithmenos.
  3280 | D:3      | You fall through a shaft!
  3280 | D:4      | Found a staircase to the Ecumenical Temple.
  3476 | D:4      | Learned a level 4 spell: Sticky Flame
  3671 | D:4      | Found a runed translucent door.
  3671 | D:4      | Noticed chequers's ghost (amateur DsCK)
  3683 | D:4      | Reached skill level 5 in Spellcasting
  4004 | Temple   | Entered the Ecumenical Temple
  4044 | Temple   | Became a worshipper of Vehumet
  4180 | D:4      | Reached XP level 7. HP: 37/37 MP: 16/16
  4266 | D:4      | Reached skill level 1 in Fighting
  4266 | D:4      | Reached skill level 5 in Stealth
  4266 | D:4      | Reached skill level 5 in Fire Magic
  4491 | D:5      | Entered Level 5 of the Dungeon
  4617 | D:5      | Reached skill level 5 in Hexes
  4718 | D:5      | Noticed Prince Ribbit
  4722 | D:5      | Killed Prince Ribbit
  4722 | D:5      | Reached XP level 8. HP: 32/44 MP: 18/18
  5039 | D:5      | Reached * piety under Vehumet
  5039 | D:5      | Offered knowledge of Shock by Vehumet.
  5097 | D:5      | Found a glowing drain.
  5104 | Sewer    | Entered a sewer
  5237 | Sewer    | Reached ** piety under Vehumet
  5257 | Sewer    | Offered knowledge of Throw Frost by Vehumet.
  5338 | Sewer    | Reached skill level 5 in Conjurations
  5359 | Sewer    | Got a sparkling lead ring
  5562 | D:5      | Identified the cursed ring "Liorelap" {rF+ EV-4 Slay+2}
                  | (You found it in a sewer)
  5573 | D:5      | Learned a level 5 spell: Fireball
  5793 | D:6      | Offered knowledge of Dazzling Spray by Vehumet.
  5804 | D:6      | Reached XP level 9. HP: 50/50 MP: 16/21
  5809 | D:6      | Learned a level 3 spell: Dazzling Spray
  6636 | D:7      | Identified the cursed +0 hunting sling of the Mind {venom,
                  | MR+ Int+6 Dex-5}
  6639 | D:7      | Reached *** piety under Vehumet
  6920 | D:7      | Found Gippeul's Gadget Shop.
  6928 | D:7      | Bought a wand of clouds (6) for 390 gold pieces
  6996 | D:7      | Learned a level 1 spell: Apportation
  7371 | D:8      | Noticed Erica
  7380 | D:8      | Killed Erica
  7380 | D:8      | Offered knowledge of Fulminant Prism by Vehumet.
  7380 | D:8      | Reached XP level 10. HP: 16/58 MP: 17/24
  7381 | D:8      | Gained mutation: You are clumsy. (Dex -2) [potion of
                  | mutation]
  7381 | D:8      | Gained mutation: Your flesh is heat resistant. (rF+)
                  | [potion of mutation]
  7767 | D:8      | Reached **** piety under Vehumet
  7934 | D:8      | Offered knowledge of Throw Icicle by Vehumet.
  8153 | D:8      | Found Cheibriados's Comfort Zone.
  8154 | D:8      | Found a snail-covered altar of Cheibriados.
  8241 | D:8      | Reached skill level 5 in Fighting
  8814 | D:9      | Reached skill level 10 in Spellcasting
  8819 | D:9      | Reached ***** piety under Vehumet
  8907 | D:9      | Found a sacrificial altar of Ru.
  8908 | D:9      | Offered knowledge of Iron Shot by Vehumet.
  8926 | D:9      | Found a staircase to the Lair.
  9056 | D:9      | Learned a level 1 spell: Animate Skeleton
  9066 | D:9      | Learned a level 6 spell: Iron Shot
  9228 | D:10     | Entered Level 10 of the Dungeon
  9354 | D:10     | Found a bloodstained altar of Trog.
  9377 | D:10     | Noticed a gargoyle
  9382 | D:10     | Killed a gargoyle
  9382 | D:10     | Reached skill level 1 in Earth Magic
  9406 | D:10     | Found a bloodstained altar of Trog.
  9424 | D:10     | Noticed Grum
  9425 | D:10     | Reached skill level 10 in Stealth
  9426 | D:10     | Killed Grum
  9426 | D:10     | Reached XP level 11. HP: 58/64 MP: 27/27
  9720 | D:10     | Noticed Erolcha
  9723 | D:10     | Killed Erolcha
 10036 | Lair:1   | Entered Level 1 of the Lair of Beasts
 10131 | Lair:1   | Noticed a four-headed hydra
 10137 | Lair:1   | Killed a four-headed hydra
 10190 | Lair:1   | Noticed a four-headed hydra
 10193 | Lair:1   | Killed a four-headed hydra
 10374 | Lair:1   | Noticed Gastronok
 11238 | Lair:1   | Killed Gastronok
 11238 | Lair:1   | Reached skill level 5 in Dodging
 11600 | Lair:2   | Reached XP level 12. HP: 71/71 MP: 29/29
 11613 | Lair:2   | Found a staircase to the Snake Pit.
 12776 | Lair:3   | Offered knowledge of Venom Bolt by Vehumet.
 12779 | Lair:3   | Reached skill level 10 in Fire Magic
 12784 | Lair:3   | Noticed a six-headed hydra
 12792 | Lair:3   | Killed a six-headed hydra
 12973 | Lair:3   | Reached skill level 5 in Earth Magic
 13220 | Lair:3   | You fall through a shaft for 3 floors!
 13220 | Lair:6   | Entered Level 6 of the Lair of Beasts
 13509 | Lair:5   | Slain by a wolf

Levels and vault maps discovered:
D:1:      roderic_octagonal_star, layout_basic, minmay_lizard_pond
D:2:      layout_basic, serial_curves, eino_curves_03, eino_curves_02,
          eino_curves_02, eino_curves_03, minmay_heptomino_l4, uniq_jessica,
          uniq_sigmund
D:3:      layout_rooms, nicolae_dithmenos_through_a_glass_darkly, first_ration,
          due_unseen_surprise
D:4:      layout_loops_cross, minmay_temple_entry_stoned_glass,
          gammafunk_ghost_grave
D:5:      layout_loops_ring, gup_sewer_entry_spiral,
          minmay_misc_feat_secret_circle, uniq_prince_ribbit1
D:6:      layout_rooms, minmay_bent
D:7:      minmay_s_stair_smasher, layout_basic, serial_shops, nicolae_shop_trees
D:8:      layout_basic, grunt_livestock, nicolae_wwwww, nrook_loot_triangle,
          minmay_shop_chei, uniq_erica
D:9:      layout_basic, lair_entry_dummy, nicolae_ru_great_annihilating_truth
D:10:     layout_irregular_city, basic_altar, bloody_trog, uniq_erolcha,
          uniq_grum
Temple:   compressed_dpeg_circular_temple
Lair:1:   layout_misc_corridors, wad_woods_road_03, grunt_megastairs_5,
          uniq_gastronok
Lair:2:   layout_small_grid, guppyfry_snake_entry_garden,
          gauntlet_entry_generic, minivault_27
Lair:3:   layout_cave_shapes
Lair:5:   layout_roguey, chequers_serial_rivers_small_b,
          bh_autumn_forest_stairs, serial_bayou_shore_a, grunt_megastairs_3
Lair:6:   gammafunk_lair_ancient_temple, layout_cave_shapes,
          dpeg_slime_entry_enclosed_altar, uniq_nessos, uniq_josephine
Sewer:    sewer_frog_island_02

Skill      XL: |  1  2  3  4  5  6  7  8  9 10 11 12 |
---------------+-------------------------------------+-----
Stealth        | 3 4 5 7 8 10 11 | 11.5
Conjurations   | 2 3 4 5 7 8 9 |  9.8
Hexes          | 1 2 4 5 |  5.1
Spellcasting   | 4 5 7 8 10 11 | 11.6
Fire Magic     | 4 5 6 7 8 9 10 | 10.2
Fighting       | 1 3 4 5 6 |  6.9
Earth Magic    | 1 4 5 |  5.1
Dodging        | 5 6 |  6.4

Action                   |  1- 3 |  4- 6 |  7- 9 | 10-12 || total
-------------------------+-------+-------+-------+-------++-------
Melee: Rapier            |       |     8 |       |       ||     8
 Cast: Flame Tongue      |    47 |   102 |    83 |    76 ||   308
       Throw Flame       |     4 |    28 |   168 |   145 ||   345
       Conjure Flame     |       |     4 |     1 |     3 ||     8
       Inner Flame       |       |     1 |       |     1 ||     2
       Sticky Flame      |       |       |     7 |    21 ||    28
       Fireball          |       |       |     1 |    97 ||    98
       Dazzling Spray    |       |       |    15 |    24 ||    39
Evoke: Wand              |       |     2 |       |     2 ||     4
  Use: Potion            |       |     1 |       |     7 ||     8
       Scroll            |       |     6 |     4 |    12 ||    22
  Eat: Chunk             |     1 |     9 |    11 |    15 ||    36
       Ration            |       |       |       |     4 ||     4
Armor: Robe              |       |     7 |    22 |    19 ||    48
Dodge: Dodged            |    10 |    39 |    45 |    81 ||   175

Table legend:
 A = Non-vault XP
 B = Vault XP
 C = Vault XP percentage of total XP
 D = Non-vault monster count
 E = Vault monster count
 F = Vault count percentage of total count
                 A         B        C        D         E       F
            +---------+---------+-------+---------+---------+-------
      Total |   19890 |    9676 |  32.7 |     272 |     117 |  30.1
            +---------+---------+-------+---------+---------+-------
        D:1 |      39 |       5 |  11.4 |      21 |       5 |  19.2
        D:2 |      46 |     254 |  84.7 |      19 |       4 |  17.4
        D:3 |     102 |       0 |   0.0 |      23 |       0 |   0.0
        D:4 |     635 |       0 |   0.0 |      25 |       0 |   0.0
        D:5 |     401 |     282 |  41.3 |      20 |       8 |  28.6
        D:6 |     343 |     601 |  63.7 |       4 |       8 |  66.7
        D:7 |     978 |     790 |  44.7 |      20 |      12 |  37.5
        D:8 |    1823 |    1940 |  51.6 |      39 |       6 |  13.3
        D:9 |    1182 |      46 |   3.7 |      21 |       4 |  16.0
       D:10 |    1423 |    1408 |  49.7 |      27 |       4 |  12.9
     Lair:1 |    5947 |    2732 |  31.5 |      19 |       3 |  13.6
     Lair:2 |    2823 |     471 |  14.3 |      19 |       3 |  13.6
     Lair:3 |    3647 |       0 |   0.0 |      13 |       0 |   0.0
     Lair:5 |     501 |     747 |  59.9 |       2 |       4 |  66.7
      Sewer |       0 |     400 | 100.0 |       0 |      56 | 100.0
            +---------+---------+-------+---------+---------+-------
